 Dungeon Crawl Stone Soup version 0.17-a0-1093-g0b3cd89 (webtiles) character file.

83300 azzdahaz the Cruncher (level 15, -3/117 HPs)
             Began as a Demonspawn Wizard on May 19, 2015.
             Was the Champion of Kikubaaqudgha.
             Slain by Snorg (17 damage)
             ... on level 3 of the Orcish Mines on May 20, 2015.
             The game lasted 03:31:36 (33657 turns).

azzdahaz the Cruncher (Demonspawn Wizard)          Turns: 33657, Time: 03:31:38

Health: -3/117     AC: 17    Str:  9    XL:     15   Next: 32%
Magic:  0/28       EV: 21    Int: 25    God:    Kikubaaqudgha [******]
Gold:   1552       SH:  0    Dex: 17    Spells: 10 memorised, 2 levels left

rFire  + . .     SeeInvis +     t - +9 lajatang (pain)
rCold  . . .     Clarity  +     Y - +4 steam dragon armour
rNeg   . . .     SustAb   .     (no shield)
rPois  +         Gourm    .     N - +2 hat
rElec  .         Spirit   +     p - +0 cloak
rCorr  .         Warding  .     L - +0 pair of gloves
rMut   .         Stasis   .     (boots unavailable)
MR     +....                    l - amulet of faith
Stlth  ++........               W - ring of see invisible
                                M - +4 ring of intelligence

@: very slightly contaminated, somewhat resistant to hostile enchantments,
unstealthy
A: beak, talons 3, slimy green scales 3, agile 2, berserk 1, clarity, fire
resistance 1, weak 1, magic shield, magic regeneration, magic link, flame cloud
immunity
a: Receive Corpses, Torment, Renounce Religion


You were on level 3 of the Orcish Mines.
You worshipped Kikubaaqudgha.
Kikubaaqudgha was exalted by your worship.
You were not hungry.

You visited 4 branches of the dungeon, and saw 26 of its levels.

You collected 1739 gold pieces.
You spent 187 gold pieces at shops.

Inventory:

Hand weapons
 k - a +4 quarterstaff of draining
 t - a +9 lajatang of pain (weapon)
 u - a +0 blowgun
 S - the +5 lajatang of Xunnimubb {flame, rPois}
   (You took it off a human on level 14 of the Dungeon)

   It has been specially enchanted to burn those struck by it, causing extra
   injury to most foes and up to half again as much damage against particularly
   susceptible opponents.
   Big, fiery blades are also staple armaments of hydra-hunters.
   It protects you from poison.
Missiles
 n - 6 throwing nets (quivered)
 w - 20 poisoned needles
 E - 6 needles of paralysis
Armour
 p - a +0 cloak (worn)
 L - a +0 pair of gloves (worn)
 N - a +2 hat (worn)
 Y - a +4 steam dragon armour (worn)
Magical staves
 s - an uncursed staff of cold
 z - an uncursed staff of wizardry
Jewellery
 a - an uncursed ring of protection from cold
 j - a +2 ring of protection
 l - an amulet of faith (around neck)
 y - an uncursed ring of flight
 H - an uncursed ring of positive energy
 M - a +4 ring of intelligence (left hand)
 W - a ring of see invisible (right hand)
Magical devices
 c - a wand of disintegration (11)
 g - a wand of heal wounds (3)
 C - a wand of cold (8)
 I - a wand of enslavement (6)
 K - a wand of teleportation (3)
 P - a wand of cold (15)
 T - a wand of teleportation (4)
 Z - a wand of fireball (3)
Scrolls
 d - 3 scrolls of remove curse
 m - 2 scrolls of amnesia
 o - a scroll of magic mapping
 r - 2 scrolls of recharging
 v - 3 scrolls of fog
 F - a scroll of enchant armour
 J - 2 scrolls of fear
 R - 2 scrolls of teleportation
Potions
 e - 2 potions of heal wounds
 i - 6 potions of curing
 q - 7 potions of might
 A - 3 potions of cancellation
 G - 3 potions of brilliance
 O - a potion of invisibility
 Q - 5 potions of resistance
 U - a potion of magic
 V - 4 potions of agility
 X - 2 potions of haste
Books
 b - a book of Minor Magic

   Spells                             Type                      Level
   a - Magic Dart                     Conjuration                  1
   b - Blink                          Translocation                2
   c - Call Imp                       Summoning                    2
   d - Repel Missiles                 Charms/Air                   2
   e - Slow                           Hexes                        2
   f - Conjure Flame                  Conjuration/Fire             3
   g - Mephitic Cloud                 Conjuration/Poison/Air       3
 x - Sif Muna's Grimoire of the Snowflakes and the Escort
   (You found it on level 12 of the Dungeon)

   Spells                             Type                      Level
   a - Ensorcelled Hibernation        Hexes/Ice                    2
   b - Call Imp                       Summoning                    2
   c - Ozocubu's Armour               Charms/Ice                   3
   d - Summon Ice Beast               Ice/Summoning                4
   e - Freezing Cloud                 Conjuration/Ice/Air          6
Miscellaneous
 B - a lamp of fire
Comestibles
 f - 8 meat rations
 D - 3 fruits


   Skills:
 - Level 10.4 Fighting
 * Level 12.0 Staves
 - Level 11.7 Dodging
 - Level 1.7 Stealth
 - Level 9.3 Spellcasting
 - Level 9.3 Conjurations
 - Level 4.0 Hexes
   Level 2.0 Summonings
 - Level 7.0 Necromancy
 - Level 0.8 Translocations
 - Level 7.4 Transmutations
 - Level 4.0 Fire Magic
 - Level 3.0 Air Magic
 - Level 2.0 Poison Magic


You had 2 spell levels left.
You knew the following spells:

 Your Spells              Type           Power        Failure   Level  Hunger
a - Iskenderun's Mystic   Conj           ######..     1%          4    #......
b - Vampiric Draining     Necr           #####.....   1%          3    None
c - Conjure Flame         Conj/Fire      #####...     1%          3    None
d - Mephitic Cloud        Conj/Pois/Air  #####...     1%          3    None
e - Inner Flame           Hex/Fire       ####....     3%          3    None
f - Blink                 Tloc           N/A          8%          2    None
g - Animate Skeleton      Necr           N/A          1%          1    None
h - Repel Missiles        Chrm/Air       ###...       6%          2    None
i - Animate Dead          Necr           N/A          3%          4    #......
j - Irradiate             Conj/Trmt      ######....   6%          5    ####...


Dungeon Overview and Level Annotations

Branches:
Dungeon (14/15)            Temple (1/1) D:5            Lair (8/8) D:11
 Shoals (0/4) Lair:4        Snake (0/4) Lair:5        Slime (0/6) Lair:7
    Orc (3/4) D:11         Vaults (0/5) D:14
    Elf: Orc:3-4

Altars:
Ashenzari
Cheibriados
Dithmenos
Elyvilon
Fedhas
Gozag
Kikubaaqudgha
Makhleb
Nemelex Xobeh
Okawaru
Ru
Sif Muna
Trog
Vehumet
Xom
Yredelemnul
Zin
The Shining One
Beogh

Shops:
D:5 %   D:6 ?   D:11 (   D:13 [   D:14 (

Annotations:
Lair:7 exclusion: 4 oklob plants
Orc:3 Snorg


Innate Abilities, Weirdness & Mutations

You have claws for feet.
You are completely covered in slimy green scales (AC +4, rPois).
Your flesh is heat resistant.
When hurt, damage is shared between your health and your magic reserves.
You regenerate magic rapidly.
When low on magic, you restore magic in place of health.
You are immune to clouds of flame.
You have a beak for a mouth.
You are very agile. (Dex +4)
You tend to lose your temper in combat.
You possess an exceptional clarity of mind.
You are weak. (Str -2)


Message History

Aiming: Vampiric Draining
Press: ? - help, Shift-Dir - straight line, f/p - Snorg
Aim: Snorg (lightly wounded, berserk, fast, unusually strong) Snorg is lightly wounded.
You feel life coursing into your body. Snorg bites you! Snorg misses you.
Snorg misses you. Snorg bites you but does no damage.
Snorg claws you but does no damage. Snorg barely misses you.
Casting: Vampiric Draining
Confirm with . or Enter, or press ? or * to list all spells.
You don't have enough magic to cast that spell.
Snorg bites you! Snorg barely misses you. Snorg claws you but does no damage.
There is an escape hatch in the floor, spattered with blood here.
Snorg rages.
The orc misses you. Snorg bites you!!
* * * LOW HITPOINT WARNING * * *
Snorg claws you!!
* * * LOW HITPOINT WARNING * * *
Snorg claws you!!
You die...
Kikubaaqudgha rasps: "You have failed me!
Welcome... death!"

...##.# ....
....... .....
....... ......
.......###......
.......<#.......
................
...............#
#...@......#
.####TTo...###
.......oo.(.####
.......>o...#..##
#........$......##
.........))).....#
.........)<)<....#
.....#.#.)))....##
.....#####.).......


You could see Snorg (berserk), a troll, 2 orc warriors, an orc wizard
(invisible) and an orc.

Vanquished Creatures
  Kirke (D:13)
  An orc warlord (Orc:3)
  Maud (Lair:3)
  2 vault guards (D:14)
  6 hydras
  Harold (Lair:3)
  A centaur warrior (D:13)
  Erica (D:9)
  2 catoblepae
  13 death yaks
  Urug (Lair:3)
  The ghost of Baka the Fighter, an experienced GrFi of Okawaru (D:10)
  A fire crab (Lair:6)
  5 hill giants
  An unseen horror (D:14)
  An ice statue (Lair:7)
  4 necromancers (D:14)
  A wizard (D:14)
  A swamp dragon (shapeshifter) (D:14)
  3 griffons
  An orc knight (D:11)
  2 orc sorcerers (Orc:3)
  A cyclops (D:11)
  A centaur zombie (D:10)
  An ugly thing (D:13)
  The ghost of Jakers the Chopper, an experienced MiBe of Trog (D:6)
  2 manticores
  4 black mambas
  7 elephants
  3 gargoyles
  2 torpor snails
  6 spiny frogs
  A komodo dragon (Lair:6)
  An efreet (D:11)
  4 fire drakes
  2 trolls
  A spriggan druid (Lair:8)
  9 polar bears
  Grinder (D:3)
  3 blink frogs (Lair:7)
  4 slime creatures
  A centaur simulacrum (D:14)
  A deep elf mage (D:12)
  11 spriggans (Lair:8)
  A wyvern (D:11)
  55 yaks
  A shadow (D:12)
  A redback (Lair:8)
  16 humans (D:14)
  2 hogs (D:13)
  A human (shapeshifter) (D:14)
  A basilisk (Lair:4)
  2 steam dragons
  10 hippogriffs
  3 hungry ghosts
  A wraith (D:11)
  A warg (Orc:2)
  2 mottled dragons
  A naga (Lair:5)
  13 porcupines
  23 wolves
  A soldier ant (D:8)
  9 water moccasins
  Duvessa (D:4)
  2 sky beasts
  8 wasps
  A spider (D:8)
  4 black bears
  A necrophage (D:6)
  10 ice beasts
  6 ogres
  22 orc warriors
  3 centaurs
  3 phantoms
  18 giant frogs
  A brain worm (D:8)
  9 crocodiles
  A wyvern zombie (D:13)
  Dowan (D:4)
  A big kobold (D:12)
  A scorpion (D:10)
  A wyvern skeleton (D:8)
  12 killer bees
  3 electric eels
  4 wights (D:14)
  A giant frog zombie (D:12)
  8 crimson imps
  13 jellies
  A wasp zombie (D:5)
  2 giant frog skeletons
  9 iguanas
  3 centaur skeletons
  17 orc wizards
  3 hounds
  9 orc priests
  10 sheep
  15 worker ants
  A killer bee zombie (D:6)
  41 river rats
  17 adders
  8 gnolls (D:5)
  2 hound simulacra (D:10)
  4 white imps
  5 shadow imps
  An adder zombie (D:5)
  11 oozes
  2 adder skeletons
  5 giant geckos
  106 orcs
  3 ball pythons
  A bat skeleton (D:5)
  A bat zombie (D:5)
  8 giant cockroaches
  17 hobgoblins
  5 jackals
  18 kobolds
  6 quokkas
  8 bats
  A giant gecko skeleton (D:6)
  8 giant newts
  11 goblins
  3 quokka zombies
  18 rats
  5 fungi
  A plant (Lair:5)
783 creatures vanquished.

Vanquished Creatures (collateral kills)
  A hydra (Lair:6)
  Erolcha (D:11)
  2 death yaks
  An elephant (Lair:4)
  A black mamba (Lair:5)
  A torpor snail (Lair:6)
  3 spiny frogs
  2 komodo dragons
  A polar bear (Lair:8)
  A freezing wraith (Lair:7)
  3 blink frogs (Lair:5)
  Sigmund (D:3)
  3 redbacks (Lair:8)
  12 yaks
  A human (D:14)
  A wyvern (D:8)
  A basilisk (Lair:4)
  5 wolves (Lair:8)
  A spriggan (Lair:8)
  2 hippogriffs (Lair:8)
  2 nagas (Lair:5)
  4 porcupines
  2 sky beasts
  2 black bears (Lair:8)
  3 crocodiles
  A scorpion (D:8)
  An orc priest (D:3)
  An electric eel (Lair:4)
  Crazy Yiuf (D:3)
  3 iguanas
  A worker ant (D:8)
  5 sheep (Lair:4)
  An adder (D:8)
  8 river rats
  A white imp (Lair:7)
  A worm (D:4)
  7 orcs
  A goblin (D:8)
  A rat (D:10)
  3 fungi
  2 plants
95 creatures vanquished.

Vanquished Creatures (others)
  A yak (D:9)
  2 humans
  A hungry ghost (D:13)
  A wolf (Lair:8)
  A black bear (D:9)
  An eye of draining (D:13)
  A big kobold (D:9)
  A giant frog (D:9)
  2 electric eels (D:12)
  A crimson imp (D:4)
  2 hounds (D:9)
  A jelly (D:9)
  A worker ant (D:9)
  A shadow imp (D:3)
  2 white imps
  5 orcs
  A kobold (D:9)
  8 fungi
  5 plants
38 creatures vanquished.

Grand Total: 916 creatures vanquished

Notes
Turn   | Place    | Note
--------------------------------------------------------------
     0 | D:1      | azzdahaz the Demonspawn Wizard began the quest for the Orb.
     0 | D:1      | Reached XP level 1. HP: 13/13 MP: 4/4
   746 | D:1      | Gained mutation: You are partially covered in slimy green scales (AC +2). [demonic ancestry]
   746 | D:1      | Reached XP level 2. HP: 19/19 MP: 0/6
  1207 | D:2      | Learned a level 2 spell: Call Imp
  1453 | D:2      | Found a burning altar of Makhleb.
  1464 | D:2      | Gained mutation: You have sharp toenails. [demonic ancestry]
  1464 | D:2      | Reached XP level 3. HP: 8/24 MP: 0/7
  1936 | D:2      | Learned a level 3 spell: Conjure Flame
  2154 | D:2      | Gained mutation: When hurt, damage is shared between your health and your magic reserves. [demonic ancestry]
  2154 | D:2      | Reached XP level 4. HP: 22/30 MP: 0/9
  2657 | D:3      | Noticed Sigmund
  2716 | D:2      | Learned a level 3 spell: Mephitic Cloud
  2830 | D:3      | Killed Sigmund
  2830 | D:3      | Reached skill level 1 in Poison Magic
  2830 | D:3      | Gained mutation: You are mostly covered in slimy green scales (AC +3). [demonic ancestry]
  2830 | D:3      | Reached XP level 5. HP: 35/35 MP: 4/10
  2946 | D:3      | Reached skill level 1 in Air Magic
  3201 | D:3      | Noticed Grinder
  3238 | D:3      | Gained mutation: You have a beak for a mouth. [potion of mutation]
  3238 | D:3      | Gained mutation: You possess an exceptional clarity of mind. [potion of mutation]
  3238 | D:3      | Gained mutation: You are agile. (Dex +2) [potion of mutation]
  3246 | D:3      | Killed Grinder
  3246 | D:3      | Reached skill level 4 in Spellcasting
  3246 | D:3      | Reached XP level 6. HP: 18/41 MP: 0/12
  3462 | D:3      | Noticed Crazy Yiuf
  3473 | D:3      | Killed Crazy Yiuf
  4320 | D:4      | Reached skill level 5 in Conjurations
  4444 | D:4      | Gained mutation: You have razor-sharp toenails. [demonic ancestry]
  4444 | D:4      | Reached XP level 7. HP: 40/46 MP: 5/13
  4452 | D:4      | Upgraded the game from 0.17-a0-1078-g243345b to 0.17-a0-1093-g0b3cd89
  4544 | D:4      | Learned a level 3 spell: Inner Flame
  4684 | D:4      | Noticed Duvessa
  4777 | D:4      | Found a shadowy altar of Dithmenos.
  4779 | D:4      | Found a sacrificial altar of Ru.
  4809 | D:4      | Noticed Dowan
  4827 | D:4      | Killed Duvessa
  4827 | D:4      | Reached skill level 1 in Fire Magic
  5089 | D:4      | Killed Dowan
  5712 | D:5      | Entered Level 5 of the Dungeon
  5712 | D:5      | Found a staircase to the Ecumenical Temple.
  5719 | Temple   | Entered the Ecumenical Temple
  5782 | Temple   | Became a worshipper of Kikubaaqudgha
  5918 | D:5      | Reached skill level 6 in Conjurations
  6060 | D:5      | Reached skill level 5 in Spellcasting
  6229 | D:5      | Found Zeraurewn's Food Boutique.
  6277 | D:5      | Found a deep blue altar of Sif Muna.
  6298 | D:5      | Found an opulent altar of Gozag.
  6396 | D:5      | Reached XP level 8. HP: 52/52 MP: 3/15
  6628 | D:5      | Reached skill level 1 in Hexes
  7029 | D:5      | Acquired Kikubaaqudgha's first power
  7029 | D:5      | Received a gift from Kikubaaqudgha
  7040 | D:5      | Identified Kikubaaqudgha's Tome of Black Magic (Kikubaaqudgha gifted it to you on level 5 of the Dungeon)
  7469 | D:4      | Learned a level 2 spell: Blink
  7604 | D:6      | Reached skill level 1 in Staves
  7827 | D:5      | Learned a level 1 spell: Animate Skeleton
  7851 | D:6      | Learned a level 3 spell: Vampiric Draining
  7859 | D:6      | Found a white marble altar of Elyvilon.
  7911 | D:6      | Reached skill level 1 in Necromancy
  7955 | D:6      | Found Lihavequ's Magic Scroll Boutique.
  7962 | D:6      | Bought a scroll of blinking for 97 gold pieces
  7962 | D:6      | Bought a scroll of fear for 45 gold pieces
  7962 | D:6      | Bought a scroll of fear for 45 gold pieces
  8293 | D:6      | Gained mutation: You regenerate magic rapidly. [demonic ancestry]
  8293 | D:6      | Reached XP level 9. HP: 57/57 MP: 9/16
  8440 | D:6      | Noticed Jakers's ghost (experienced MiBe)
  8538 | D:7      | Found a staircase to the Ecumenical Temple.
  8629 | D:7      | Found a white marble altar of Elyvilon.
  8956 | D:7      | Acquired Kikubaaqudgha's second power
  9790 | D:8      | Found a radiant altar of Vehumet.
  9988 | D:8      | Reached skill level 5 in Necromancy
 10089 | D:8      | Reached skill level 5 in Staves
 10841 | D:9      | Learned a level 2 spell: Repel Missiles
 10988 | D:9      | Reached skill level 7 in Necromancy
 11061 | D:9      | Reached XP level 10. HP: 61/63 MP: 17/17
 11154 | D:9      | Noticed Erica
 11174 | D:9      | Killed Erica
 11408 | D:9      | Received a gift from Kikubaaqudgha
 11464 | D:9      | Identified Kikubaaqudgha's Volume of Dark Rituals (Kikubaaqudgha gifted it to you on level 9 of the Dungeon)
 11492 | D:9      | Noticed a hill giant
 11580 | D:9      | Killed a hill giant
 11999 | D:9      | Found a shimmering altar of Xom.
 12223 | D:10     | Entered Level 10 of the Dungeon
 12895 | D:10     | Reached skill level 5 in Fighting
 13153 | D:10     | Noticed Baka's ghost (experienced GrFi)
 13823 | D:10     | Reached skill level 8 in Staves
 13854 | D:10     | Killed Baka's ghost
 14268 | D:10     | Found a roughly hewn altar of Beogh.
 14283 | D:10     | Gained mutation: You have claws for feet. [demonic ancestry]
 14283 | D:10     | Reached XP level 11. HP: 75/81 MP: 12/18
 14287 | D:10     | Acquired Kikubaaqudgha's third power
 14612 | D:10     | Reached skill level 9 in Staves
 15406 | D:11     | Found Icaledausch's Weapon Boutique.
 15406 | D:11     | Found a staircase to the Orcish Mines.
 15749 | D:11     | Reached skill level 10 in Staves
 16008 | D:11     | Noticed Erolcha
 16020 | D:11     | Killed Erolcha
 16191 | D:11     | Your ally Erolcha died
 16514 | D:11     | Found a staircase to the Lair.
 16675 | Lair:1   | Entered Level 1 of the Lair of Beasts
 17101 | Lair:1   | Reached skill level 5 in Dodging
 17122 | Lair:1   | Acquired Kikubaaqudgha's fourth power
 17880 | Lair:2   | Noticed a six-headed hydra
 18007 | Lair:2   | Killed a six-headed hydra
 18007 | Lair:2   | Gained mutation: You are completely covered in slimy green scales (AC +4, rPois). [demonic ancestry]
 18007 | Lair:2   | Reached XP level 12. HP: 24/88 MP: 5/22
 18310 | Lair:2   | Learned a level 4 spell: Iskenderun's Mystic Blast
 18315 | Lair:2   | Learned a level 4 spell: Animate Dead
 19301 | Lair:3   | Noticed Maud
 19326 | Lair:3   | Killed Maud
 19755 | Lair:3   | Noticed Urug
 19775 | Lair:3   | Killed Urug
 20153 | Lair:3   | Noticed Harold
 20181 | Lair:3   | Killed Harold
 20525 | Lair:4   | Found a staircase to the Shoals.
 21035 | Lair:4   | Noticed a six-headed hydra
 21053 | Lair:4   | Killed a six-headed hydra
 21286 | Lair:4   | Noticed a five-headed hydra
 21299 | Lair:4   | Killed a five-headed hydra
 22013 | Lair:5   | Gained mutation: When low on magic, you restore magic in place of health. [demonic ancestry]
 22013 | Lair:5   | Reached XP level 13. HP: 80/93 MP: 18/26
 22118 | Lair:5   | Found a staircase to the Snake Pit.
 22410 | Lair:2   | Learned a level 5 spell: Irradiate
 22542 | Lair:5   | Reached skill level 1 in Transmutations
 22624 | Lair:5   | Noticed a catoblepas
 22644 | Lair:5   | Killed a catoblepas
 23791 | Lair:6   | Reached skill level 5 in Transmutations
 24897 | Lair:7   | Gained mutation: You tend to lose your temper in combat. [mutagenic glow]
 25872 | Lair:7   | Gained mutation: Your flesh is heat resistant. [demonic ancestry]
 25872 | Lair:7   | Reached XP level 14. HP: 100/100 MP: 25/27
 25913 | Lair:7   | Reached skill level 10 in Dodging
 26692 | Lair:7   | Found a staircase to the Slime Pits.
 26943 | Lair:8   | Entered Level 8 of the Lair of Beasts
 27551 | Lair:8   | HP: 5/105 [young spriggan druid/angry trees (6)]
 27563 | Lair:8   | Gained mutation: You are very agile. (Dex +4) [mutagenic glow]
 27587 | Lair:8   | Gained mutation: You are weak. (Str -2) [mutagenic glow]
 27750 | Lair:8   | Reached skill level 11 in Dodging
 28710 | Lair:2   | Identified a scroll of acquirement
 28976 | D:6      | Noticed a slime creature
 28983 | D:6      | Killed Jakers's ghost
 28985 | D:6      | Killed a slime creature
 29057 | Temple   | Identified a +7 lajatang of pain (a +5 lajatang of protection bloodied by Kikubaaqudgha)
 30844 | D:12     | Identified Sif Muna's Grimoire of the Snowflakes and the Escort
 31258 | D:13     | Noticed Kirke
 31277 | D:13     | Killed Kirke
 31353 | D:13     | Found Wohymurph's Armour Boutique.
 31422 | D:13     | Your ally Kirke died
 31650 | D:13     | Reached skill level 10 in Fighting
 32067 | D:14     | Gained mutation: You are immune to clouds of flame. [demonic ancestry]
 32067 | D:14     | Reached XP level 15. HP: 101/115 MP: 23/28
 32666 | D:14     | Found Nociuzxo's Antique Weapon Boutique.
 32732 | D:14     | Found a gate to the Vaults.
 32785 | D:14     | Got a warped lajatang
 32786 | D:14     | Identified the +5 lajatang of Xunnimubb {flame, rPois} (You took it off a human on level 14 of the Dungeon)
 33074 | Orc:1    | Entered Level 1 of the Orcish Mines
 33640 | Orc:3    | Reached skill level 12 in Staves
 33644 | Orc:3    | Noticed Snorg
 33657 | Orc:3    | Slain by Snorg

Vault maps used:
D:1:      co_arrival_random_square_maze, minmay_misc_feat_roman
D:2:      makhleb_blood_cavern_becter
D:3:      uniq_grinder, uniq_crazy_yiuf_cottage, uniq_sigmund
D:4:      minmay_thick_lines, nicolae_overflow_hidden_temple, uniq_duvessa
D:5:      kennysheep_steamy, nicolae_overflow_crystal_walls,
          nicolae_gozag_seed_capital, minmay_temple_entry_mist, first_bread,
          serial_glass, glass_columns_a, glass_columns_b, serial_shops,
          nicolae_shop_temple_entry_statues_fountains
D:6:      lemuel_slime, lemuel_round_altar, serial_shops, shop,
          lemuel_statue_altar
D:7:      minmay_temple_entry_glassed_door, elyvilon_altar_5
D:8:      lemuel_doored_altar, hangedman_pestilent_swarm, feat_on_display
D:9:      xom_confusion_cloud, minivault_19, uniq_erica
D:10:     serial_ice, serial_ice_n, serial_ice_i, serial_ice_c, serial_ice_m,
          serial_ice_f, serial_ice_h, special_room
D:11:     lair_0_dummy, orc_david_3, uniq_erolcha
D:12:     lemuel_freeze_loot_1
D:13:     serial_shops, nicolae_shop_competitors_out_of_business, uniq_kirke
D:14:     grunt_vaults_entry_tiered, minmay_misc_feat_plants, serial_shops,
          nicolae_shop_temple_entry_statues_fountains
Temple:   zaba_magenta_temple_12
Lair:2:   grunt_megastairs_3, infiniplex_staircase_pool_2
Lair:3:   grunt_megastairs_2, uniq_harold, uniq_maud, uniq_urug
Lair:4:   minmay_shoals_entry_beasts, infiniplex_staircase_pool,
          serial_bayou_shore_a
Lair:5:   guppyfry_snake_entry_island, hangedman_lair_unloving_vines
Lair:6:   wad_woods_road_02, bh_autumn_forest_stairs
Lair:7:   minmay_slime_entry_oklob_open, ice2_lemuel, lemuel_fruit_tree
Lair:8:   minmay_lair_end_enchanted_forest
Orc:3:    nicolae_orc_pool_cavern, uniq_josephine, uniq_nessos, uniq_snorg

Action                   |  1- 3 |  4- 6 |  7- 9 | 10-12 | 13-15 || total
-------------------------+-------+-------+-------+-------+-------++-------
Melee: Unarmed           |     2 |       |       |       |       ||     2
       Dagger            |     8 |       |       |       |       ||     8
       Spear             |    17 |    30 |       |       |       ||    47
       Quarterstaff      |       |    33 |   204 |   675 |   573 ||  1485
       Lajatang          |       |       |       |       |   409 ||   409
 Fire: Blowgun           |       |       |    16 |       |       ||    16
 Cast: Magic Dart        |    78 |    96 |   274 |    94 |       ||   542
       Call Imp          |     1 |    17 |    15 |       |       ||    33
       Mephitic Cloud    |       |     3 |    26 |    42 |    27 ||    98
       Conjure Flame     |       |     1 |    23 |    35 |     8 ||    67
       Blink             |       |       |     1 |     7 |     8 ||    16
       Animate Skeleton  |       |       |    12 |    59 |    45 ||   116
       Repel Missiles    |       |       |     1 |     2 |       ||     3
       Inner Flame       |       |       |       |    23 |    10 ||    33
       Vampiric Draining |       |       |       |    11 |    93 ||   104
       Animate Dead      |       |       |       |    10 |    27 ||    37
       Iskenderun's Myst |       |       |       |     9 |    76 ||    85
       Irradiate         |       |       |       |       |    23 ||    23
 Abil: Evoke Flight      |       |       |       |       |     2 ||     2
Evoke: Wand              |       |       |       |     1 |     6 ||     7
  Use: Scroll            |     2 |     4 |     8 |    13 |    20 ||    47
       Potion            |       |     2 |     2 |     2 |     3 ||     9
 Stab: Distracted        |       |     1 |     2 |     1 |     7 ||    11
       Confused          |       |     1 |     5 |    19 |    11 ||    36
       Sleeping          |       |     1 |       |     1 |     2 ||     4
       Paralysed         |       |       |     1 |     3 |     1 ||     5
       Petrified         |       |       |       |     3 |       ||     3
       Fleeing           |       |       |       |       |     1 ||     1
  Eat: Chunk             |     4 |     6 |    15 |    22 |    33 ||    80
       Fruit             |       |     1 |       |       |     3 ||     4
       Bread ration      |       |       |     2 |     2 |       ||     4
       Meat ration       |       |       |       |     1 |     2 ||     3
